 Dungeon Crawl Stone Soup version 0.28.0 (console) character file.

Game seed: 16377694586919899473

684 Colgate the Chopper (level 7, -6/38 HPs)
             Began as a Tengu Wanderer on Feb 5, 2022.
             Was an Initiate of Elyvilon.
             Mangled by a water moccasin (8 damage)
             ... on level 5 of the Dungeon.
             The game lasted 00:29:30 (3731 turns).

Colgate the Chopper (Tengu Wanderer)                Turns: 3731, Time: 00:29:31

Health: -6/38      AC:  3    Str: 11    XL:     7   Next: 62%
Magic:  8/8        EV: 14    Int: 14    God:    Elyvilon [......]
Gold:   3          SH:  0    Dex: 18    Spells: 6/6 levels left

rFire   + . .      SeeInvis .   b - +0 hand axe
rCold   . . .      Faith    .   (no shield)
rNeg    + . .      Spirit   .   d - +0 robe
rPois   .          Reflect  .   (helmet restricted)
rElec   +          Harm     .   g - +0 cloak
rCorr   .          Rampage  .   (no gloves)
Will    .....                   (boots unavailable)
Stlth   ++........              s - amulet of the Invisible Hand {rElec rN+ Regen+ Int+3}
HPRegen 0.92/turn               l - ring of protection from fire
MPRegen 0.11/turn               (no ring)

@: lethally poisoned (-6 -> -26), flying quickly and evasively, quick
A: beak, talons 3, nimble flight
a: Renounce Religion


You were on level 5 of the Dungeon.
You worshipped Elyvilon.
Elyvilon was noncommittal.
You visited 1 branch of the dungeon, and saw 5 of its levels.

You collected 118 gold pieces.
You spent 115 gold pieces at shops.

Inventory:

Hand Weapons
 a - a +4 hunting sling
 b - a +0 hand axe (weapon)
Missiles
 c - 9 sling bullets
 f - 93 stones
 p - 2 datura-tipped darts
Armour
 d - a +0 robe (worn)
 g - a +0 cloak (worn)
 m - a +0 leather armour
 q - a +0 chain mail
Magical Staves
 h - a staff of poison
Jewellery
 l - a ring of protection from fire (left hand)
 s - the amulet of the Invisible Hand (around neck) {rElec rN+ Regen+ Int+3}
   (You bought it in a shop on level 3 of the Dungeon)

   [amulet of regeneration]

   Int:       It affects your intelligence (+3).
   rElec:     It insulates you from electricity.
   rN:        It protects you from negative energy.
   Regen:     It increases your rate of health regeneration.
Wands
 e - a wand of polymorph (3) (quivered)
Scrolls
 i - a scroll of teleportation
 k - a scroll of fear
 o - a scroll of amnesia {unknown}
 r - a scroll of blinking {unknown}
Potions
 j - a potion of magic


   Skills:
 - Level 1.0 Fighting
 + Level 7.3 Axes
 - Level 6.0 Slings
 - Level 1.0(3.8) Throwing
 - Level 1.1 Armour
 - Level 1.1 Dodging
 - Level 1.3 Stealth


You had 6 spell levels left.
You didn't know any spells.
Your spell library was empty.

Dungeon Overview and Level Annotations

Branches:
Dungeon (5/15)             Temple (0/1) D:5

Altars:
Elyvilon
Fedhas
Sif Muna

Shops:
D:2 !   D:3 *


Innate Abilities, Weirdness & Mutations

You have a beak for a mouth.
You have claws for feet.
Your magical nature lets you fly swiftly and evasively.


Message History

You hit the water moccasin but do no damage.
Your kick misses the water moccasin.
The water moccasin is heavily wounded.
The water moccasin bites you.
You are poisoned.
The water moccasin poisons you!
You closely miss the water moccasin. Your kick misses the water moccasin.
The water moccasin is heavily wounded.
You feel very sick.
The water moccasin bites you but does no damage.
The water moccasin barely misses you.
You barely miss the water moccasin.
The water moccasin is heavily wounded.
You feel sick.
The water moccasin bites you but does no damage.
You hit the water moccasin. Your peck misses the water moccasin.
The water moccasin is severely wounded.
You feel sick. The water moccasin closely misses you.
Okay, then.
You are too injured to fight recklessly!
You are too injured to fight recklessly!
Okay, then.
Unknown command.
You miss the water moccasin.
The water moccasin is severely wounded.
You feel sick. The water moccasin barely misses you.
You hit the water moccasin. You claw the water moccasin.
The water moccasin is severely wounded.
You feel sick. The water moccasin bites you.
You are more poisoned.
The water moccasin poisons you! The water moccasin bites you.
* * * LOW HITPOINT WARNING * * *
You are more poisoned.
The water moccasin poisons you!
You miss the water moccasin. Your kick misses the water moccasin.
The water moccasin is severely wounded.
* * * LOW HITPOINT WARNING * * *
You feel extremely sick. The water moccasin bites you!
You die...

*,,,,,,,,*,⌠,*,,,*
*,+,+,#.#****
*,,,,,,***,,,***,* ***,**#.#
*,,,,,,,,,,,,,,,,* *,+,+,#.#
******,,(..>,,⌠,,* ***,**#.#
*,,.(.,,,,,,***,+,+,#.#****
*,**#(.,##*,,,***,**#.#,,,,
**,,,#.⌠.#.,,**###+###<#,***
*,,,,*...#.,,*##8#.#8#.#,*
*,,,,,,,...,,*#........#,*
*,,,..####S####.##.###.#,*
****#......@....##.#*###,*
##############..,,,,,*
####*****


You could see a water moccasin.

Vanquished Creatures
  An ogre (D:4)
  5 scorpions
  A hound (D:5)
  Jessica (D:2)
  Natasha (thrice) (D:3)
  An iguana (D:4)
  2 hound skeletons
  3 gnolls
  5 adders
  An ufetubus (D:4)
  A dart slug (D:1)
  An orc (D:4)
  7 bats
  3 endoplasms
  5 giant cockroaches
  3 goblins
  7 hobgoblins
  4 quokkas
  4 ball pythons
  2 frilled lizards
  5 kobolds
  6 rats
71 creatures vanquished.

Notes
Turn   | Place    | Note
-------+----------+-------------------------------------------
     0 | D:1      | Colgate the Tengu Wanderer began the quest for the Orb.
     0 | D:1      | Colgate set off with the following items: a +3 hunting
                  | sling, 21 sling bullets, a +0 hand axe, a +0 robe
     0 | D:1      | Reached XP level 1. HP: 12/12 MP: 2/2
   198 | D:1      | Reached XP level 2. HP: 16/16 MP: 3/3
   203 | D:1      | Reached skill level 4 in Axes
   397 | D:1      | Found a faded altar of an unknown god.
   403 | D:1      | Prayed at the altar of an unknown god.
   403 | D:1      | Became a worshipper of Sif Muna the Loreminder
   403 | D:1      | Reached * piety under Sif Muna
   404 | D:1      | Fell from the grace of Sif Muna
   582 | D:2      | Noticed a scorpion
   590 | D:2      | Killed a scorpion
   591 | D:2      | Reached XP level 3. HP: 9/20 MP: 4/4
   591 | D:2      | Reached XP level 4. HP: 12/25 MP: 5/5
   891 | D:2      | Reached skill level 1 in Stealth
  1267 | D:2      | Found Umyivau's Distillery.
  1373 | D:2      | Gained mutation: Your magical nature lets you fly swiftly
                  | and evasively. [Tengu growth]
  1373 | D:2      | Reached XP level 5. HP: 24/29 MP: 6/6
  1659 | D:2      | Noticed Jessica
  1669 | D:2      | Killed Jessica
  1670 | D:2      | Reached skill level 5 in Axes
  1726 | D:3      | Noticed Natasha
  1748 | D:3      | Killed Natasha
  1949 | D:3      | Noticed Natasha
  1952 | D:3      | Killed Natasha
  1961 | D:3      | Reached XP level 6. HP: 34/34 MP: 7/7
  1968 | D:3      | Found Zuvoeg's Assorted Antiques.
  2001 | D:3      | Reached skill level 6 in Axes
  2002 | D:3      | Noticed Natasha
  2006 | D:3      | Killed Natasha
  2418 | D:4      | Reached skill level 5 in Slings
  2735 | D:4      | Reached XP level 7. HP: 38/38 MP: 8/8
  2787 | D:4      | Found a white marble altar of Elyvilon.
  2797 | D:4      | Became a worshipper of Elyvilon the Healer
  3248 | D:4      | Found a blossoming altar of Fedhas.
  3448 | D:3      | Bought a crude jade amulet for 115 gold pieces
  3448 | D:3      | Identified the amulet of the Invisible Hand {rElec rN+
                  | Regen+ Int+3} (You bought it in a shop on level 3 of the
                  | Dungeon)
  3572 | D:5      | Entered Level 5 of the Dungeon
  3696 | D:5      | Reached skill level 7 in Axes
  3731 | D:5      | Mangled by a water moccasin

Illustrated notes

Levels and vault maps discovered:
D:1:      saegor_arrival_simple_d, layout_rooms,
          dreamdust_ecumenical_altar_angels_and_demons
D:2:      layout_loops_ring, serial_shops, shop, uniq_jessica
D:3:      layout_basic, serial_shops, shop, uniq_natasha
D:4:      layout_loops_ring, fedhas_altar_4, elyvilon_altar_3
D:5:      layout_basic, lemuel_mausoleum_altar_yredelemnul,
          minmay_temple_entry_junction_2

Skill      XL: |  1  2  3  4  5  6  7 |
---------------+----------------------+-----
Axes           | 4 5 6 7 |  7.3
Slings         | 4 5 6 |  6.0
Stealth        | 1 |  1.3
Fighting       | |  1.0
Throwing       | |  1.0
Armour         | |  1.1
Dodging        | |  1.1

Action                   |  1- 3 |  4- 6 |  7- 9 || total
-------------------------+-------+-------+-------++-------
Melee: Hand axe          |     7 |    32 |    33 ||    72
       Kick              |     3 |     9 |    15 ||    27
       Peck              |       |     5 |     3 ||     8
       Unarmed           |       |     3 |       ||     3
 Fire: Hunting sling     |    21 |    77 |    25 ||   123
Invok: Renounce Religion |     1 |       |       ||     1
  Use: Scroll            |       |     6 |     2 ||     8
Armor: Robe              |     1 |     1 |     6 ||     8
Dodge: Dodged            |     1 |    17 |    20 ||    38
